 Dungeon Crawl Stone Soup version 0.32-a0-938-g40ac7a0 (webtiles) character file.

Game seed: 4613383772035841954

776502 sasameki the Englaciator (level 27, -9/249 HPs)
             Began as a Barachi Conjurer on Apr 13, 2024.
             Was the Champion of Vehumet.
             Mangled by a spectral caustic shrike (11 damage)
             ... led by an eidolon
             ... on level 6 of Tartarus on Apr 18, 2024.
             The game lasted 09:25:53 (110141 turns).

sasameki the Englaciator (Barachi Conjurer)       Turns: 110141, Time: 09:25:54

Health: -9/249     AC: 17    Str: 13    XL:     27
Magic:  54/54      EV: 15    Int: 47    God:    Vehumet [******]
Gold:   5473       SH:  0    Dex:  8    Spells: 9/80 levels left

rFire   + . .        C - staff of Destiny {rPois rN+ Str-4 Int+7 Tloc Alchemy}
rCold   + . .        G - orb {*channel}
rNeg    + + +        W - +2 robe {rC+ rF+}
rPois   +            Q - +2 helmet {Int+3}
rElec   +            y - +2 cloak {Will+}
rCorr   +            w - +2 pair of gloves {Stlth+}
SInv    +            o - +3 pair of seven-league boots {Rampage+∞}
Will    ++...        u - amulet "Kuteplom" {Acrobat Fly rElec Will+ Str+3}
Stlth   ++           M - ring "Ellecru" {Will+ rCorr Dex+3 Slay+2 SInv}
HPRegen 0.61/turn    N - ring of Faneim {rN++ Str+4 Int+6 Dex-4}
MPRegen 0.34/turn

%: acrobat, rampage+∞, channel magic (20%)
@: brilliant, unable to hop, flying, studying 4 skills, weak-willed, slow
A: amphibious, slowness 1, strong legs 2, +LOS, clumsy 1, electricity resistance
}: 5/15 runes: serpentine, barnacled, slimy, silver, obsidian
a: Hop, Renounce Religion


You were on level 6 of Tartarus.
You worshipped Vehumet.
Vehumet was exalted by your worship.
You visited 14 branches of the dungeon, and saw 67 of its levels.
You visited the Abyss 2 times.
You visited 1 ziggurat, and saw 13 of its levels.
You also visited: Ossuary, Bailey, Ice Cave, Wizlab and Desolation.

You collected 11898 gold pieces.
You spent 6425 gold pieces at shops.

Inventory:

Missiles
 k - 6 throwing nets {!f}
 R - 23 curare-tipped darts {!f}
Armour
 o - the +3 pair of seven-league boots (worn) {Rampage+∞}
   (You found it on level 4 of the Lair of Beasts)

   Rampage+∞: When moving toward enemies, its wearer moves as far as possible,
   alerting their target en route.
 w - a +2 pair of gloves of stealth (worn)
 y - a +2 cloak of willpower (worn)
 G - an orb of energy (worn)
 K - the +0 pair of gloves of the gadgeteer {Gadgeteer Wandboost ^Fragile}
   (You found it on level 13 of a ziggurat)

   Gadgeteer: Your evocable items recharge 30% faster and wands have a 30%
   chance to not spend a charge.
   Wandboost: Your wands are more powerful.
   ^Fragile:  It will be destroyed if unequipped.
 L - a scarf of resistance
 Q - a +2 helmet of intelligence (worn)
 W - a +2 robe of resistance (worn)
Magical Staves
 j - a staff of air
 C - the staff of Destiny (weapon) {rPois rN+ Str-4 Int+7 Tloc Alchemy}
   (You found it on level 11 of a ziggurat)

   [staff of alchemy]

   Base accuracy: +5 Base damage: 5 Base attack delay: 1.2 This weapon's minimum
   attack delay (0.6) is reached at skill level 12.
   Str-4:     It affects your strength (-4).
   Int+7:     It affects your intelligence (+7).
   rPois:     It protects you from poison.
   rN+:       It protects you from negative energy.
   Tloc:      It increases the power of your Translocations spells.
   Alchemy:   It increases the power of your Alchemy spells.
   It falls into the 'Staves' category.
   It is a one-handed weapon.
Jewellery
 d - the ring "Qaofaese" {rPois rF+ Will+ Str+2}
   (You found it on level 7 of Gehenna)

   [ring of willpower]

   Str+2:     It affects your strength (+2).
   rF+:       It protects you from fire.
   rPois:     It protects you from poison.
   Will+:     It increases your willpower.
 u - the amulet "Kuteplom" (around neck) {Acrobat Fly rElec Will+ Str+3}
   (You took it off an imperial myrmidon in the Desolation of Salt)

   [amulet of the acrobat]

   Acrobat:   It increases your evasion while moving and waiting.
   Str+3:     It affects your strength (+3).
   rElec:     It insulates you from electricity.
   Will+:     It increases your willpower.
   Fly:       It grants you flight.
 v - the amulet "Emexa" {rC+ rN+ Regen+ Stlth+}
   (You found it on level 7 of a ziggurat)

   [amulet of regeneration]

   rC+:       It protects you from cold.
   rN+:       It protects you from negative energy.
   Regen+:    It increases your rate of health regeneration.
   Stlth+:    It makes you more stealthy.
 M - the ring "Ellecru" (left hand) {Will+ rCorr Dex+3 Slay+2 SInv}
   (You took it off a deep elf annihilator on level 3 of the Elven Halls)

   [ring of see invisible]

   Dex+3:     It affects your dexterity (+3).
   Slay+2:    It affects your accuracy & damage with ranged weapons and melee
   (+2).
   Will+:     It increases your willpower.
   SInv:      It lets you see invisible.
   rCorr:     It protects you from acid and corrosion.
 N - the ring of Faneim (right hand) {rN++ Str+4 Int+6 Dex-4}
   (You acquired it on level 14 of the Dungeon)

   [ring of intelligence]

   Str+4:     It affects your strength (+4).
   Int+6:     It affects your intelligence (+6).
   Dex-4:     It affects your dexterity (-4).
   rN++:      It greatly protects you from negative energy.
Wands
 b - a wand of digging (19)
 m - a wand of warping (38)
 n - a wand of paralysis (23)
 F - a wand of quicksilver (63)
 S - a wand of mindburst (27)
Scrolls
 e - 11 scrolls of immolation
 f - 4 scrolls of blinking {!r}
 g - a scroll of butterflies
 i - 5 scrolls of enchant armour
 s - 5 scrolls of amnesia
 x - 17 scrolls of teleportation {!r}
 D - 5 scrolls of fear
Potions
 l - 2 potions of invisibility
 p - 3 potions of brilliance
 r - 9 potions of cancellation
 t - 22 potions of curing
 E - 8 potions of haste
 P - 13 potions of mutation {!q}
 V - 4 potions of resistance
Miscellaneous
 a - the horn of Geryon
 h - a box of beasts (inert)
 q - a phial of floods
 B - a tin of tremorstones (2/2)
 H - a lightning rod (4/4)
 O - a phantom mirror


   Skills:
 O Level 27 Fighting
 + Level 15.6 Dodging
 - Level 1.7 Stealth
 O Level 27 Spellcasting
 * Level 19.4 Conjurations
 - Level 3.0 Translocations
 - Level 10.6 Fire Magic
 O Level 27 Ice Magic
 * Level 21.2 Air Magic
 - Level 19.0 Earth Magic
 + Level 21.8 Evocations


You had 9 spell levels left.
You knew the following spells:

 Your Spells              Type           Power      Damage    Failure   Level
a - Maxwell's Capacitive  Air            78%        ∞         1%          8
d - Permafrost Eruption   Ice/Erth       80%        2x4d17    1%          6
e - Conjure Ball Lightni  Conj/Air       77%        3x3d28    1%          6
f - Irradiate             Conj/Alch      74%        3d36      1%          5
g - Plasma Beam           Fire/Air       72%        2x1d89    1%          6
h - Ozocubu's Refrigerat  Ice            84%        4d26      1%          7
i - Chain Lightning       Conj/Air       77%        3d103     4%          9
j - Lee's Rapid Deconstr  Erth           76%        3d34*     1%          5
k - Blink                 Tloc           100%       N/A       1%          2
l - Polar Vortex          Ice            84%        12d11*    1%          9
m - Ignition              Fire           64%        3d17      10%         8

Your spell library contained the following spells:

 Spells                   Type           Power      Damage    Failure   Level
 Apportation              Tloc           100%       N/A       1%          1
 Foxfire                  Conj/Fire      100%       2x1d9     1%          1
 Freeze                   Ice            100%       1d10      1%          1
 Kiss of Death            Conj/Necr      100%       2d13      1%          1
 Magic Dart               Conj           100%       1d8       1%          1
 Sandblast                Erth           100%       2d20      1%          1
 Sting                    Conj/Alch      100%       1d9       1%          1
 Cigotuvi's Dreadful Rot  Necr/Alch/Air  100%       N/A       1%          2
 Ensorcelled Hibernation  Hex/Ice        100%       N/A       1%          2
 Lesser Beckoning         Tloc           100%       N/A       1%          2
 Mercury Vapours          Alch/Air       100%       N/A       1%          2
 Momentum Strike          Conj/Tloc      100%       3d10      1%          2
 Searing Ray              Conj           100%       2d8       1%          2
 Static Discharge         Conj/Air       100%       3-8/arc   1%          2
 Dazzling Flash           Conj/Hex       100%       N/A       1%          3
 Frozen Ramparts          Ice            100%       1d16      1%          3
 Hailstorm                Conj/Ice       100%       3d16      1%          3
 Inner Flame              Hex/Fire       100%       N/A       1%          3
 Maxwell's Portable Pile  Tloc           100%       2d(15-43) 1%          3
 Mephitic Cloud           Conj/Alch/Air  100%       N/A       1%          3
 Ozocubu's Armour         Ice            100%       N/A       1%          3
 Passwall                 Erth           100%       N/A       1%          3
 Stone Arrow              Conj/Erth      100%       3d13      1%          3
 Summon Ice Beast         Ice/Summ       100%       N/A       1%          3
 Teleport Other           Tloc           100%       N/A       1%          3
 Volatile Blastmotes      Fire/Tloc      100%       2d18      1%          3
 Airstrike                Air            78%        2d(12-28) 1%          4
 Animate Armour           Summ/Erth      100%       N/A       1%          4
 Brom's Barrelling Bould  Conj/Erth      100%       2d11      1%          4
 Fulminant Prism          Conj/Alch      74%        3d30      1%          4
 Ignite Poison            Fire/Alch      100%       N/A       1%          4
 Iskenderun's Mystic Bla  Conj/Tloc      100%       2d19      (+2d11%     4
 Leda's Liquefaction      Alch/Erth      74%        N/A       1%          4
 Petrify                  Alch/Erth      100%       N/A       1%          4
 Sticky Flame             Fire/Alch      100%       2d15      1%          4
 Summon Lightning Spire   Summ/Air       100%       N/A       1%          4
 Vhi's Electric Charge    Tloc/Air       100%       N/A       1%          4
 Borgnjor's Vile Clutch   Necr/Erth      62%        N/A       1%          5
 Freezing Cloud           Conj/Ice/Air   80%        6-21      1%          5
 Metabolic Englaciation   Hex/Ice        68%        N/A       1%          5
 Silence                  Hex/Air        64%        N/A       1%          5
 Bombard                  Conj/Erth      76%        9d12      1%          6
 Sculpt Simulacrum        Ice/Alch       81%        N/A       1%          6
 Starburst                Conj/Fire      70%        6d18      1%          6
 Lehudib's Crystal Spear  Conj/Erth      76%        10d17     1%          8
 Necrotise                Necr           100%       1d9       2%          1
 Slow                     Hex            100%       N/A       2%          1
 Summon Small Mammal      Summ           100%       N/A       2%          1
 Call Imp                 Summ           100%       N/A       2%          2
 Jinxbite                 Hex            100%       N/A       2%          2
 Summon Blazeheart Golem  Fire/Summ      100%       N/A       2%          4
 Call Canine Familiar     Summ           76%        N/A       3%          3
 Confusing Touch          Hex            76%        N/A       3%          3
 Fugue of the Fallen      Necr           76%        N/A       3%          3
 Sigil of Binding         Hex            76%        N/A       3%          3
 Tukima's Dance           Hex            76%        N/A       3%          3
 Vampiric Draining        Necr           76%        2d11      3%          3
 Yara's Violent Unravell  Hex/Alch       48%        3d19      4%          5
 Dimensional Bullseye     Hex/Tloc       54%        N/A       5%          4
 Anguish                  Hex/Necr       38%        N/A       8%          4
 Dispel Undead            Necr           76%        3d25      8%          4
 Martyr's Knell           Necr/Summ      76%        N/A       8%          4
 Summon Forest            Summ/Tloc      54%        N/A       10%         5
 Curse of Agony           Necr           76%        N/A       16%         5
 Summon Mana Viper        Hex/Summ       76%        N/A       16%         5
 Eringya's Noxious Bog    Alch           48%        4d6       16%         6
 Fire Storm               Conj/Fire      70%        8d18      21%         9
 Dispersal                Tloc           58%        N/A       22%         6
 Gell's Gavotte           Tloc           58%        2d(37-55) 22%         6
 Death Channel            Necr           38%        N/A       50%         6
 Summon Cactus Giant      Summ           38%        N/A       50%         6
 Manifold Assault         Tloc           58%        N/A       65%         7
 Enfeeble                 Hex            38%        N/A       95%         7
 Summon Hydra             Summ           38%        N/A       95%         7
 Disjunction              Tloc           58%        N/A       99%         8
 Borgnjor's Revivificati  Necr           38%        N/A       100%        8
 Discord                  Hex            38%        N/A       100%        8


Dungeon Overview and Level Annotations

Branches:
Dungeon (15/15) Zot: 21789  Temple (1/1) D:4 Zot: 5964    Lair (5/5) D:8 Zot: 17473
 Shoals (4/4) Lair:2 Zot: 16665   Snake (4/4) Lair:3 Zot: 14685   Slime (5/5) Lair:5 Zot: 23592
    Orc (2/2) D:12 Zot: 8126     Elf (3/3) Orc:2 Zot: 11246  Vaults (5/5) D:13 Zot: 17876
  Crypt (0/3) Vaults:2     Depths (4/4) D:15 Zot: 16126    Hell (visited)
    Dis (0/7) Hell            Geh (7/7) Hell Zot: 26947     Coc (0/7) Hell
    Tar (6/7) Hell Zot: 26947     Zot (5/5) Depths:4 Zot: 19022 Ossuary (visited)
 Bailey (visited)           IceCv (visited)          WizLab (visited)
Desolation (visited)

Altars:
Ashenzari
Cheibriados
Dithmenos
Elyvilon
Fedhas
Gozag
Hepliaklqana
Kikubaaqudgha
Makhleb
Nemelex Xobeh
Okawaru
Qazlal
Ru
Sif Muna
Trog
Uskayaw
Vehumet
Wu Jian
Xom
Yredelemnul
Zin
The Shining One
Jiyva

Shops:
D:5 *   D:10 *   D:12 *   D:14 *   Orc:2 !!(   Elf:2 :   Elf:3 !   Shoals:2 [
Snake:2 (*(   Depths:4 :

Portals:
Hell: Depths:1 Depths:2 Depths:3 Depths:4
Abyss: Depths:1 Depths:3
Pandemonium: Depths:2

Annotations:
Temple 2 transporters


Innate Abilities, Weirdness & Mutations

You are amphibious.
You cover ground slowly.
You can hop long distances.
You have an extended range of vision and can be seen from far away.
You are clumsy. (Dex -2)
You are resistant to electric shocks. (rElec)


Message History

The spectral caustic shrike is moderately damaged.
The fireball engulfs the spectral dire elephant!!
You destroy the spectral dire elephant!
Vehumet accepts your kill.
You feel your power returning.
The fireball engulfs the spectral caustic shrike!!!
The spectral caustic shrike is heavily damaged.
The fireball engulfs the profane servitor!
The profane servitor is heavily damaged.
The fireball engulfs the Tzitzimitl!!
You kill the Tzitzimitl!
Vehumet accepts your kill.
You feel your power returning.
The fireball engulfs the spectral caustic shrike!!
The spectral caustic shrike is severely damaged.
The fireball engulfs the profane servitor!!!
The profane servitor is severely damaged.
The fireball engulfs the profane servitor!!
The profane servitor is almost destroyed.
The fireball engulfs the spectral caustic shrike!
The spectral caustic shrike is almost destroyed.
The fireball engulfs the spectral caustic shrike!!!
The spectral caustic shrike is severely damaged.
The fireball engulfs the profane servitor!!
You destroy the profane servitor!
Vehumet accepts your kill.
The fireball engulfs the spectral spriggan defender!
The spectral spriggan defender is almost destroyed.
The fireball engulfs the spectral caustic shrike but does no damage.
The spectral caustic shrike is severely damaged.
The fireball engulfs the spectral spriggan defender!!
You destroy the spectral spriggan defender!
Vehumet accepts your kill.
The fireball engulfs the spectral caustic shrike!!
You destroy the spectral caustic shrike!
Vehumet accepts your kill. The spectral caustic shrike claws you!
* * * LOW HITPOINT WARNING * * *
The spectral caustic shrike claws you!
You die...

#.○...
#.......#
.#..
#.......#
##.
#.......#
.. .
#.......# .
..#.......#
..........#
#.........#
##.....Z).#
#.....1.@.#
§.........#
..#########


You could see a Tzitzimitl and a spectral caustic shrike.

Vanquished Creatures
  A pandemonium lord (Zig:11)
  Asmodeus (Geh:7)
  the Royal Jelly (Slime:5)
  8 dread liches
  11 ancient liches
  3 orbs of fire (Zot:5)
  Mara (Shoals:4)
  4 shard shrikes
  The ghost of Loakagen the Impregnable, a veteran MiFi of Okawaru (Vaults:4)
  Saint Roka (Orc:2)
  9 Killer Klowns
  2 curse toes (Zot:1)
  Bai Suzhen (Shoals:3)
  Geryon (Hell)
  12 golden dragons
  A Hellbinder (WizLab)
  Nikola (Snake:2)
  5 profane servitors
  10 Brimstone Fiends
  9 bone dragons
  7 electric golems
  6 doom hounds
  Zenata (Elf:2)
  24 hellephants
  8 Tzitzimimeh
  A walking crystal tome (Depths:3)
  2 spectral shard shrikes (Tar:6)
  Rupert (D:13)
  Jorgrun (D:13)
  3 liches
  3 tainted leviathans
  2 deep elf master archers (Elf:3)
  25 Orb Guardians (Zot:5)
  2 Ice Fiends
  26 searing wretches
  2 titans (Vaults:5)
  31 tentacled monstrosities
  2 walking divine tomes (Depths:3)
  An ancient champion (Hell)
  8 quicksilver dragons
  23 acid blobs
  8 sphinxes
  2 deep elf blademasters
  17 death cobs
  3 Executioners (Zot:1)
  Kirke (Shoals:1)
  2 tentacled starspawn (Abyss:2)
  Frances (Snake:1)
  Gastronok (Lair:2)
  Agnes (D:15)
  14 shadow dragons
  A thorn hunter (Snake:1)
  7 protean progenitors
  Aizul (Snake:1)
  22 storm dragons
  4 tengu reavers
  Roxanne (Snake:2)
  4 narguns (Zig:10)
  8 nagarajas (Snake:4)
  A revenant (Zig:9)
  10 rockslimes
  4 fenstrider witches (Zig:12)
  9 draconian knights
  24 fire giants
  4 draconian monks
  5 draconian shifters
  20 vault wardens
  11 azure jellies
  2 emperor scorpions
  10 ghost moths
  7 draconian scorchers
  12 deep elf sorcerers
  7 frost giants
  A deep elf elementalist (Elf:3)
  A spectral juggernaut (Tar:2)
  5 imperial myrmidons (Desolation)
  22 balrugs
  14 quicksilver oozes
  2 iron dragons
  7 reapers
  4 spectral caustic shrikes
  5 curse skulls
  2 spriggan defenders
  3 draconian stormcallers
  7 draconian annihilators
  21 ironbound preservers
  27 very ugly things
  A quicksilver ooze (shapeshifter) (Zig:11)
  2 ghouls
  A broodmother (Zig:8)
  4 cacodemons (WizLab)
  An orc warlord (Zig:6)
  21 stone giants
  5 formless jellyfish
  A stone giant (shapeshifter) (Zig:11)
  A formless jellyfish (shapeshifter) (Zig:11)
  5 grey draconians (Zot:2)
  A lorocyproca (Hell)
  4 vampire knights
  5 black draconians
  6 ironbound thunderhulks
  6 green draconians
  A bunyip (Zig:12)
  A halazid warlock (Hell)
  8 deep elf annihilators
  7 deep elf demonologists
  12 putrid mouths
  2 wendigos (Zig:10)
  10 deep elf death magi
  3 spark wasps
  11 white draconians
  2 war gargoyles (Vaults:5)
  13 purple draconians
  Azrael (Orc:2)
  23 dire elephants
  10 red draconians
  4 eidola
  10 yellow draconians
  3 merfolk javelineers
  Snorg (D:12)
  A spectral golden dragon (Tar:5)
  15 ettins
  12 blizzard demons
  4 green deaths
  7 fire dragons
  A merfolk impaler (Shoals:2)
  10 deep elf high priests
  3 crystal guardians (Desolation)
  5 ragged hierophants (Desolation)
  Josephine (D:11)
  4 servants of whispers (Desolation)
  4 shambling mangroves
  10 yaktaur captains
  2 juggernaut simulacra (Zig:13)
  4 jiangshi (Depths:1)
  2 spectral spriggans
  39 vault guards
  9 great orbs of eyes
  11 hydras
  9 salamander tyrants
  A spectral fenstrider witch (Tar:2)
  A spectral shadow dragon (Tar:1)
  3 entropy weavers
  2 ghost crabs (Zig:12)
  3 hell beasts (WizLab)
  9 ice dragons
  8 alligators
  10 peacekeepers
  15 centaur warriors
  2 alligator snapping turtles (Shoals:4)
  4 merfolk avatars
  5 rakshasas
  6 ironbound frosthearts
  3 spriggan air magi (Depths:4)
  2 death knights
  A jorogumo (Zig:8)
  2 catoblepae (D:13)
  3 two-headed ogres
  8 stokers
  35 dancing weapons
  4 merfolk aquamancers
  6 anacondas
  7 boulder beetles
  3 deep troll shamans
  9 satyrs
  7 orc high priests
  The ghost of Dega the Spry, a journeyman SpHu of Dithmenos (D:13)
  4 vampire magi
  34 hell hogs
  2 occultists (Depths:3)
  6 tengu warriors
  11 naga warriors
  8 deep troll earth magi
  9 naga sharpshooters
  A spectral storm dragon (Tar:1)
  4 demonic crawlers
  3 spriggan berserkers
  7 shock serpents
  2 titan zombies
  The ghost of tlatlagkaus the Covert, a journeyman SpEn of Vehumet (D:10)
  Urug (D:11)
  8 hell knights
  2 spectral dire elephants
  Sonja (D:13)
  3 salamander mystics
  7 soul eaters
  3 wretched stars (Abyss:2)
  16 deep elf knights
  18 spriggans
  A fire crab (shapeshifter) (D:15)
  3 iron trolls
  2 skysharks
  3 skeletal warriors (Depths:1)
  A spectral bunyip (Tar:1)
  4 shadow wraiths
  A glowing orange brain (shapeshifter) (Vaults:2)
  9 arcanists
  An orb spider (shapeshifter) (Vaults:5)
  2 pharaoh ants
  A goliath frog (Snake:1)
  5 sixfirhies (WizLab)
  45 deep trolls
  An orb spider (Zig:8)
  5 flayed ghosts
  10 deep elf archers
  21 sea snakes
  10 glowing orange brains
  A sun moth (Zig:8)
  5 swamp dragons
  An obsidian statue (Zot:4)
  17 ironbound convokers
  3 naga ritualists
  An orange crystal statue (Depths:1)
  5 mana vipers
  A sun moth (shapeshifter) (Depths:3)
  2 shadow demons
  8 thermic dynamos
  A steelbarb worm (Zig:8)
  2 bog bodies (Zig:12)
  11 phantasmal warriors
  8 lindwurms
  5 necromancers
  2 anaconda skeletons (Hell)
  6 orc knights
  18 harpies
  2 tengu zombies
  23 deep elf pyromancers
  2 wolf spiders
  4 orc sorcerers (Orc:2)
  A spectral ettin (Tar:6)
  2 obsidian bats
  7 starcursed masses (Abyss:3)
  52 ugly things
  8 manticores
  21 deep elf zephyrmancers
  6 shining eyes
  29 fauns
  A tengu skeleton (Depths:3)
  4 cyclopes
  3 spectral centaurs
  16 salamanders
  An iron dragon skeleton (Depths:3)
  2 will-o-the-wisps
  A worldbinder (Abyss:2)
  3 meliai (D:15)
  A water nymph (Shoals:3)
  8 elephants
  27 black mambas
  12 guardian serpents
  An eye of devastation (shapeshifter) (Vaults:5)
  36 moths of wrath
  15 naga magi
  3 rust devils
  15 vault sentinels
  3 kobold blastminers (Orc:2)
  8 merfolk sirens
  4 eyes of devastation
  4 molten gargoyles
  8 cane toads
  6 large abominations (Abyss:2)
  4 orange demons
  Maggie (Lair:2)
  2 apocalypse crabs (Zig:11)
  5 ice statues
  A yaktaur zombie (Vaults:3)
  3 gargoyles
  2 torpor snails
  9 smoke demons
  3 freezing wraiths
  4 rime drakes
  An efreet (D:15)
  An unseen horror (D:12)
  13 yaktaurs
  12 hellions
  2 kobold demonologists (D:10)
  A golden dragon simulacrum (Depths:2)
  2 human skeletons (Vaults:3)
  2 spriggan zombies
  6 komodo dragons
  The ghost of znke the Ruffian, an amateur TrFi (D:5)
  An ancient zyme (Abyss:2)
  7 tengu conjurers
  29 merfolk
  8 tormentors
  4 spectral nagas
  3 hydra zombies (Hell)
  2 silent spectres (Tar:6)
  4 wind drakes
  3 spectral harpies
  A merfolk (shapeshifter) (Depths:4)
  3 hydra skeletons (Hell)
  8 blink frogs
  A tarantella (Zig:5)
  A hornet (shapeshifter) (Vaults:5)
  5 trolls
  Prince Ribbit (D:9)
  14 hornets
  6 tyrant leeches
  8 polar bears
  A jumping spider (Vaults:1)
  5 dream sheep
  10 glass eyes
  4 raiju
  A glass eye (shapeshifter) (Vaults:5)
  10 snapping turtles
  A blink frog (shapeshifter) (D:14)
  An iron dragon simulacrum (Depths:2)
  53 saltlings
  4 air elementals
  155 slime creatures
  A yak (shapeshifter) (Vaults:5)
  A culicivora (Zig:5)
  15 water elementals
  An ettin skeleton (Vaults:3)
  16 yaks
  A vampire (D:14)
  5 wraiths
  A shadow (D:11)
  A ynoxinul (Abyss:2)
  2 spriggans (shapeshifter)
  4 wyverns
  8 fire elementals
  2 hogs (Shoals:1)
  2 steam dragons
  16 golden eyes
  A human (Shoals:1)
  A basilisk (Lair:5)
  2 sea snake simulacra (Hell)
  Grum (Bailey)
  2 wargs (shapeshifter)
  6 redbacks
  2 neqoxecs (Abyss:2)
  8 wargs
  6 vampire mosquitoes
  A chaos spawn (Zig:11)
  Menkaure (D:7)
  Edmund (D:4)
  A swamp worm (Snake:1)
  3 acid dragons
  2 great orb of eyes simulacra (IceCv)
  43 nagas
  12 water moccasins
  4 hell hounds (Orc:2)
  A glowing shapeshifter skeleton (Depths:3)
  25 orc warriors
  A swamp drake (Zig:12)
  2 ice beasts
  9 black bears
  A sky beast (D:8)
  A sky beast (shapeshifter) (D:13)
  7 laughing skulls
  6 ogres
  A human zombie (Vaults:5)
  23 wolves
  4 boggarts (Lair:5)
  13 centaurs
  2 kobold brigands
  4 slime creature simulacra (IceCv)
  A phantom (D:4)
  Blork the orc (D:5)
  2 elf zombies
  13 bullfrogs
  3 earth elementals
  7 gnoll sergeants (Bailey)
  3 scorpions
  4 glowing shapeshifter simulacra (IceCv)
  6 small abominations (Abyss:2)
  2 burial acolytes (Ossuary)
  4 wights (D:9)
  15 killer bees
  2 electric eels (Snake:4)
  4 howler monkeys
  2 lava snakes (Lair:3)
  A human simulacrum (Vaults:3)
  9 jellies (Slime:1)
  A quasit (Abyss:2)
  4 hounds
  3 bombardier beetles
  5 gnoll boudas (Bailey)
  21 orc priests
  7 hell rats (Lair:2)
  3 iguanas
  Ijyb (D:5)
  27 orc wizards
  3 shapeshifter simulacra (IceCv)
  6 mummies
  18 gnolls
  8 adders
  2 shadow imps
  2 white imps
  An ufetubus (Abyss:2)
  2 ribbon worms
  4 dart slugs
  61 orcs
  8 bats
  5 endoplasms
  3 giant cockroaches
  6 goblins
  6 hobgoblins
  9 jackals
  2 quokkas
  7 ball pythons
  A frilled lizard (D:3)
  3 gnoll zombies (Ossuary)
  15 kobolds
  A kobold zombie (Ossuary)
  3 orc zombies (Ossuary)
  3 rats
  6 aspiring fleshes
  9 ball lightnings
  7 creeping infernos
  9 fire vortices
  A lurking horror (Abyss:2)
  3 starspawn tentacles (Abyss:2)
2885 creatures vanquished.

Vanquished Creatures (collateral kills)
  A curse toe (Zot:4)
  A death cob (Zot:4)
  A shadow dragon (Zot:1)
  A storm dragon (Zot:4)
  A draconian monk (Zot:2)
  2 frost giants (Zig:13)
  A purple draconian (Zot:2)
  2 grey draconians (Zot:2)
  A blizzard demon (Zig:13)
  A sea snake (Shoals:2)
  A harpy (Shoals:2)
  3 moths of wrath
16 creatures vanquished.

Vanquished Creatures (others)
  A hydra (Zig:12)
  A stoker (Geh:3)
  81 ball lightnings
  A butterfly (D:5)
  2 foxfires (Zig:12)
  A starspawn tentacle (Abyss:2)
87 creatures vanquished.

Grand Total: 2988 creatures vanquished

Notes
Turn   | Place    | Note
-------+----------+-------------------------------------------
     0 | D:1      | sasameki the Barachi Conjurer began the quest for the Orb.
     0 | D:1      | Reached XP level 1. HP: 13/13 MP: 3/3
   192 | D:1      | Reached XP level 2. HP: 19/19 MP: 1/5
   195 | D:1      | Learned a level 2 spell: Searing Ray
   860 | D:2      | Reached skill level 5 in Conjurations
  1002 | D:2      | Reached XP level 3. HP: 24/24 MP: 5/7
  1413 | D:2      | Found a faded altar of an unknown god.
  1573 | D:2      | Identified the +2 dagger of Reinforcement {freeze, rElec
                  | rPois Str-2 SInv}
  1953 | D:3      | Reached XP level 4. HP: 30/30 MP: 3/8
  2245 | D:3      | Reached XP level 5. HP: 35/35 MP: 1/10
  2250 | D:3      | Learned a level 4 spell: Airstrike
  2638 | D:3      | Reached skill level 1 in Air Magic
  2775 | D:3      | Reached skill level 1 in Fighting
  3087 | D:4      | Reached XP level 6. HP: 43/43 MP: 7/12
  3325 | D:4      | Noticed a water moccasin
  3333 | D:4      | Killed a water moccasin
  3402 | D:4      | Reached XP level 7. HP: 51/51 MP: 9/14
  3435 | D:4      | Found a staircase to the Ecumenical Temple.
  3445 | Temple   | Found a transporter.
  3445 | Temple   | Found a transporter.
  3445 | Temple   | Found a transporter.
  3445 | Temple   | Found a transporter.
  3445 | Temple   | Entered the Ecumenical Temple
  3460 | Temple   | Became a worshipper of Vehumet
  3491 | D:4      | Reached skill level 5 in Spellcasting
  3605 | D:4      | Noticed Edmund
  4259 | D:5      | Entered Level 5 of the Dungeon
  4557 | D:5      | Noticed Blork the orc
  4598 | D:5      | Found a white marble altar of Elyvilon.
  4615 | D:5      | Found a sand-covered staircase.
  4628 | Ossuary  | Entered an ossuary
  4746 | Ossuary  | Reached * piety under Vehumet
  4746 | Ossuary  | Offered knowledge of Shock by Vehumet.
  4777 | Ossuary  | Reached skill level 5 in Air Magic
  4777 | Ossuary  | Reached XP level 8. HP: 24/60 MP: 1/17
  5272 | D:5      | Noticed Ijyb
  5291 | D:5      | Killed Ijyb
  5654 | D:5      | Found a runed translucent door.
  5665 | D:5      | Noticed znke's ghost (amateur TrFi)
  6039 | D:5      | Found Aboikle's Elemental Accessories.
  6522 | D:5      | Killed Blork the orc
  6601 | D:4      | Killed Edmund
  6972 | D:6      | Offered knowledge of Scorch by Vehumet.
  7028 | D:6      | Reached skill level 5 in Fighting
  7028 | D:6      | Reached XP level 9. HP: 68/68 MP: 1/20
  7236 | D:6      | Reached ** piety under Vehumet
  7372 | D:6      | Found the +7 Throatcutter {drain, coup de grace}
  7816 | D:6      | Paralysed by an orc wizard for 3 turns
  7912 | D:7      | Noticed Menkaure
  8084 | D:7      | Killed Menkaure
  8741 | D:7      | Found a broken altar of Ashenzari.
  8774 | D:7      | Found a hazy altar of Hepliaklqana.
  8788 | D:7      | Found an opulent altar of Gozag.
  8840 | D:7      | Found a basalt altar of Yredelemnul.
  8915 | D:8      | Identified the +10 plate armour of the Other Side {Int+3}
  9490 | D:8      | Found a shimmering blue altar of Sif Muna.
  9494 | D:8      | Found a bloodstained altar of Trog.
  9917 | D:8      | Noticed a komodo dragon
  9924 | D:8      | Killed a komodo dragon
 10065 | D:8      | Reached XP level 10. HP: 77/77 MP: 12/23
 10126 | D:8      | Found a staircase to the Lair.
 10404 | D:8      | Offered knowledge of Mephitic Cloud by Vehumet.
 10781 | Lair:1   | Entered Level 1 of the Lair of Beasts
 11545 | Lair:1   | Noticed a cane toad
 11562 | Lair:1   | Killed a cane toad
 11563 | Lair:1   | Reached skill level 10 in Spellcasting
 11563 | Lair:1   | Reached skill level 10 in Air Magic
 11565 | Lair:1   | Noticed a cane toad
 11929 | D:8      | Killed a cane toad
 12013 | D:8      | Reached *** piety under Vehumet
 12118 | Lair:1   | Reached XP level 11. HP: 41/86 MP: 4/25
 12813 | Lair:2   | Found a frozen archway.
 12815 | Lair:2   | Noticed Maggie
 12824 | Lair:2   | Killed Maggie
 13076 | Lair:2   | Offered knowledge of Sticky Flame by Vehumet.
 13242 | IceCv    | Entered an ice cave
 14679 | IceCv    | Learned a level 6 spell: Permafrost Eruption
 15357 | IceCv    | Noticed a quicksilver ooze
 15360 | IceCv    | Killed a quicksilver ooze
 15461 | IceCv    | Noticed a quicksilver ooze
 15467 | IceCv    | Killed a quicksilver ooze
 15675 | IceCv    | Noticed an azure jelly
 15677 | IceCv    | Noticed an azure jelly
 15692 | IceCv    | Killed an azure jelly
 15944 | IceCv    | Killed an azure jelly
 15945 | IceCv    | Reached XP level 12. HP: 94/94 MP: 7/27
 16086 | IceCv    | Found a viscous altar of Jiyva.
 16298 | Lair:2   | Found a staircase to the Shoals.
 17061 | Lair:3   | Noticed Gastronok
 17064 | Lair:3   | Reached **** piety under Vehumet
 17221 | Lair:3   | Noticed a six-headed hydra
 17536 | Lair:2   | Killed Gastronok
 17537 | Lair:2   | Reached skill level 10 in Ice Magic
 17746 | Lair:2   | Killed a six-headed hydra
 18040 | Lair:3   | Offered knowledge of Olgreb's Toxic Radiance by Vehumet.
 18180 | Lair:3   | Noticed a four-headed hydra
 18558 | Lair:3   | Found a staircase to the Snake Pit.
 19099 | Lair:3   | Killed a four-headed hydra
 20017 | Lair:4   | Noticed a boulder beetle
 20019 | Lair:4   | Noticed a five-headed hydra
 20249 | Lair:4   | Killed a five-headed hydra
 20321 | Lair:4   | Noticed a boulder beetle
 20325 | Lair:4   | Killed a boulder beetle
 20327 | Lair:4   | Killed a boulder beetle
 20328 | Lair:4   | Gained mutation: You can hop long distances. [Barachi
                  | growth]
 20328 | Lair:4   | Reached XP level 13. HP: 103/103 MP: 8/29
 20541 | Lair:4   | Reached skill level 10 in Fighting
 21122 | Lair:4   | Found the +3 pair of seven-league boots {Rampage+∞}
 21209 | Lair:5   | Entered Level 5 of the Lair of Beasts
 22761 | Lair:5   | Found a staircase to the Slime Pits.
 22761 | Lair:5   | Found a viscous altar of Jiyva.
 25314 | D:9      | Reached ***** piety under Vehumet
 25480 | D:9      | Offered knowledge of Freezing Cloud by Vehumet.
 25670 | D:9      | Noticed Prince Ribbit
 25671 | D:9      | Killed Prince Ribbit
 26288 | D:10     | Entered Level 10 of the Dungeon
 26288 | D:10     | Found a flagged portal.
 26376 | D:10     | Found a transporter.
 26381 | D:10     | Found a transporter.
 26383 | D:10     | Found Asmac's Neck Hole.
 26392 | D:10     | Bought a scarf of repulsion for 132 gold pieces
 26707 | D:10     | Reached XP level 14. HP: 113/113 MP: 5/32
 26796 | Bailey   | Entered a bailey
 26905 | Bailey   | Noticed Grum
 26907 | Bailey   | Killed Grum
 27208 | Bailey   | Identified the +1 sling of Cowardice {antimagic, rPois}
 27544 | Bailey   | Learned a level 5 spell: Freezing Cloud
 27656 | D:10     | Noticed tlatlagkaus's ghost (journeyman SpEn)
 28288 | D:11     | Noticed Urug
 28291 | D:11     | Killed Urug
 28362 | D:11     | Reached skill level 1 in Earth Magic
 28436 | D:11     | Noticed Josephine
 28450 | D:11     | Killed Josephine
 29517 | D:12     | Noticed Snorg
 29521 | D:12     | Killed Snorg
 29901 | D:12     | Found a staircase to the Orcish Mines.
 30000 | D:12     | Found Fonom's Assorted Antiques.
 30009 | D:12     | Bought a scroll of identify for 62 gold pieces
 30009 | D:12     | Bought a scroll of teleportation for 93 gold pieces
 30009 | D:12     | Bought a wand of warping (4) for 297 gold pieces
 30339 | Orc:1    | Entered Level 1 of the Orcish Mines
 30342 | Orc:1    | Found a shimmering blue altar of Sif Muna.
 30487 | Orc:1    | Got Sif Muna's Codex of Allies
 30510 | Orc:2    | Entered Level 2 of the Orcish Mines
 30510 | Orc:2    | Found a staircase to the Elven Halls.
 30511 | Orc:2    | Offered knowledge of Ozocubu's Refrigeration by Vehumet.
 30530 | Orc:1    | Learned a level 7 spell: Ozocubu's Refrigeration
 30785 | Orc:2    | Noticed Azrael
 30935 | Orc:2    | Killed Azrael
 31249 | Orc:2    | Noticed Saint Roka
 31719 | Orc:2    | Killed Saint Roka
 31720 | Orc:2    | Reached skill level 15 in Ice Magic
 33151 | Orc:2    | Found Rustil's Weapon Shoppe.
 33501 | Orc:2    | Found Moaq's Distillery.
 33506 | Orc:2    | Found Niuzir's Armour Boutique.
 33508 | Orc:2    | Bought a potion of cancellation for 104 gold pieces
 33508 | Orc:2    | Bought a potion of heal wounds for 65 gold pieces
 33508 | Orc:2    | Bought a potion of curing for 39 gold pieces
 33508 | Orc:2    | Bought a potion of curing for 39 gold pieces
 33508 | Orc:2    | Bought a potion of haste for 130 gold pieces
 33508 | Orc:2    | Bought a potion of haste for 130 gold pieces
 33509 | Orc:2    | Found Anysef's Distillery.
 33518 | Orc:2    | Bought a potion of invisibility for 112 gold pieces
 33518 | Orc:2    | Bought a potion of curing for 42 gold pieces
 33518 | Orc:2    | Bought a potion of curing for 42 gold pieces
 33518 | Orc:2    | Bought a potion of curing for 42 gold pieces
 33674 | D:13     | Noticed Jorgrun
 33678 | D:13     | Noticed Rupert
 33812 | D:13     | Killed Jorgrun
 33813 | D:13     | Reached XP level 15. HP: 120/120 MP: 7/33
 33861 | D:13     | Noticed Sonja
 33863 | D:13     | Killed Sonja
 33964 | D:13     | Found a transporter.
 33970 | D:13     | Noticed Dega's ghost (journeyman SpHu)
 33972 | D:13     | Found a transporter.
 34083 | D:13     | Found a gate to the Vaults.
 34147 | D:13     | Killed Rupert
 34148 | D:13     | Reached skill level 15 in Spellcasting
 35043 | D:14     | Offered knowledge of Eringya's Noxious Bog by Vehumet.
 35971 | D:14     | Found Tywamir's Assorted Antiques.
 35976 | D:14     | Bought a gnarled smoking staff for 312 gold pieces
 35976 | D:14     | Bought a scroll of identify for 52 gold pieces
 35976 | D:14     | Bought 3 scrolls of identify for 156 gold pieces
 35976 | D:14     | Bought a scroll of teleportation for 78 gold pieces
 36278 | D:14     | Identified a scroll of acquirement
 36430 | D:14     | Acquired the ring of Faneim {rN++ Str+4 Int+6 Dex-4}
 36483 | D:15     | Entered Level 15 of the Dungeon
 36647 | D:15     | Found an ancient bone altar of Kikubaaqudgha.
 36784 | D:15     | Found a burning altar of Makhleb.
 37539 | D:15     | Found a staircase to the Depths.
 37585 | D:15     | Noticed Agnes
 37588 | D:15     | Killed Agnes
 38686 | Snake:1  | Entered Level 1 of the Snake Pit
 38778 | Snake:1  | Identified the serpent talisman "Hemieb" {rF++ rC+ MP+9
                  | Slay-3}
 38778 | Snake:1  | Noticed Aizul
 38786 | Snake:1  | Killed Aizul
 39015 | Snake:1  | Reached XP level 16. HP: 131/131 MP: 32/36
 39393 | Snake:1  | Found a snail-covered altar of Cheibriados.
 39421 | Snake:1  | Noticed a thorn hunter
 39425 | Snake:1  | Killed a thorn hunter
 39449 | Snake:1  | Noticed a tentacled monstrosity
 39575 | Snake:1  | Killed a tentacled monstrosity
 39782 | Snake:1  | Offered knowledge of Iskenderun's Battlesphere by Vehumet.
 39885 | Snake:1  | Noticed a tentacled monstrosity
 39889 | Snake:1  | Killed a tentacled monstrosity
 40713 | Snake:1  | Noticed Frances
 40720 | Snake:1  | Killed Frances
 41194 | Snake:2  | Identified the granite talisman "Pife" {Slay+3}
 41194 | Snake:2  | Noticed Roxanne
 41215 | Snake:2  | Learned a level 5 spell: Lee's Rapid Deconstruction
 41363 | Snake:2  | Found Ceikkita's Antique Weapon Boutique.
 41365 | Snake:2  | Found Qugafat's General Store.
 41367 | Snake:2  | Found Gouqes's Antique Weapon Boutique.
 41374 | Snake:2  | Bought a scroll of teleportation for 54 gold pieces
 41374 | Snake:2  | Bought a scroll of blinking for 135 gold pieces
 41575 | Snake:2  | Noticed Nikola
 41582 | Snake:2  | Killed Nikola
 42484 | Snake:2  | Killed Roxanne
 43639 | Snake:3  | Reached XP level 17. HP: 140/140 MP: 20/38
 43798 | Snake:4  | Entered Level 4 of the Snake Pit
 44003 | Snake:4  | Offered knowledge of Starburst by Vehumet.
 44524 | Snake:4  | Reached skill level 15 in Fighting
 46947 | Snake:4  | Got a serpentine rune of Zot
 47152 | Snake:2  | Bought a potion of haste for 180 gold pieces
 47433 | Shoals:1 | Entered Level 1 of the Shoals
 47437 | Shoals:1 | Upgraded the game from 0.32-a0-931-g5a2cda0 to
                  | 0.32-a0-932-g5467873
 47460 | Shoals:1 | Offered knowledge of Irradiate by Vehumet.
 47461 | Shoals:1 | Reached XP level 18. HP: 151/151 MP: 22/40
 47471 | Shoals:1 | Learned a level 5 spell: Irradiate
 47875 | Shoals:1 | Noticed Kirke
 47889 | Shoals:1 | Killed Kirke
 48900 | Shoals:2 | Found Mytepladgh's Armour Boutique.
 50502 | Shoals:3 | Noticed Bai Suzhen
 51589 | Shoals:4 | Entered Level 4 of the Shoals
 51592 | Shoals:4 | Offered knowledge of Ignition by Vehumet.
 51606 | Shoals:4 | Learned a level 8 spell: Ignition
 52513 | Shoals:4 | Identified the +1 chain mail of the Evil One {Rampage rN+}
 52890 | Shoals:4 | Got a barnacled rune of Zot
 52930 | Shoals:4 | Got the Compendium of the Fettered Crypt
 52993 | Shoals:4 | Identified the +6 spear "Gunom" {flame, rElec Will- Str+2
                  | Dex+3}
 53036 | Shoals:4 | Noticed Mara
 53548 | Shoals:4 | Learned a level 6 spell: Conjure Ball Lightning
 53636 | Shoals:3 | Killed Bai Suzhen
 53637 | Shoals:3 | Reached XP level 19. HP: 159/159 MP: 16/43
 53792 | Shoals:4 | Noticed sasameki's illusion
 54413 | D:14     | Bought a wand of warping (7) for 436 gold pieces
 54489 | D:12     | Bought 2 potions of cancellation for 496 gold pieces
 54543 | Elf:1    | Entered Level 1 of the Elven Halls
 55011 | Elf:1    | Found a shimmering blue altar of Sif Muna.
 55386 | Elf:1    | Identified the +3 buckler "Lengif" {rC+ Dex-4 SInv Stlth+}
 56377 | Elf:1    | Got Peonom's Almanac of Misery
 56766 | Elf:2    | Found Xuwn's Book Boutique.
 56814 | Elf:2    | Learned a level 2 spell: Blink
 57225 | Elf:2    | Found a runed translucent gate.
 57226 | Elf:2    | Found a runed translucent gate.
 57226 | Elf:2    | Found a runed translucent gate.
 57386 | Elf:2    | Noticed Zenata
 57448 | Elf:3    | Entered Level 3 of the Elven Halls
 57638 | Elf:3    | Reached ****** piety under Vehumet
 58228 | Elf:3    | Found Zielid's Distillery.
 58390 | Elf:3    | Noticed an Ice Fiend
 58390 | Elf:3    | Offered knowledge of Fire Storm by Vehumet.
 58390 | Elf:3    | Offered knowledge of Polar Vortex by Vehumet.
 58390 | Elf:3    | Offered knowledge of Maxwell's Capacitive Coupling by
                  | Vehumet.
 58400 | Abyss:2  | Cast into level 2 of the Abyss (a deep elf sorcerer)
 58510 | Abyss:2  | Found a corrupted altar of Lugonu.
 58572 | Abyss:2  | Found a runed translucent gate.
 58572 | Abyss:2  | Found a runed translucent gate.
 58572 | Abyss:2  | Found a runed translucent gate.
 58664 | Abyss:2  | Reached skill level 1 in Evocations
 58854 | Abyss:2  | Reached XP level 20. HP: 169/170 MP: 4/45
 58857 | Elf:3    | Escaped the Abyss
 59082 | Elf:3    | Identified the +8 scimitar "Death Rattle" {venom, Str+3}
 59169 | Elf:3    | Learned a level 9 spell: Polar Vortex
 59181 | Elf:3    | Learned a level 8 spell: Maxwell's Capacitive Coupling
 59288 | Elf:3    | Identified the ring "Ellecru" {Will+ rCorr Dex+3 Slay+2
                  | SInv}
 59675 | Elf:3    | Identified the +1 ring mail of the Poles {-Tele rPois rCorr
                  | Int+3}
 59684 | Elf:3    | Reached skill level 5 in Evocations
 59814 | Elf:3    | Got Gypah's Grimoire of Allies
 59816 | Elf:3    | Got the Collected Works on Outbursts
 59831 | Elf:3    | Got the Tome of Burning Ectoplasm
 59840 | Elf:3    | Identified the dragon-blood talisman of Neihaf {rElec rC++
                  | Str-3}
 59898 | Elf:3    | Got the Handbook of Malisons and the Wind
 59945 | Elf:3    | Bought a potion of resistance for 130 gold pieces
 59945 | Elf:3    | Bought a potion of resistance for 130 gold pieces
 59945 | Elf:3    | Bought a potion of brilliance for 52 gold pieces
 59945 | Elf:3    | Bought a potion of curing for 39 gold pieces
 59945 | Elf:3    | Bought a potion of magic for 104 gold pieces
 60698 | Elf:2    | Killed Zenata
 61068 | Elf:2    | Bought a book of Winter for 364 gold pieces
 61174 | Orc:2    | Bought a potion of resistance for 140 gold pieces
 61392 | D:10     | Killed tlatlagkaus's ghost
 61777 | D:13     | Killed Dega's ghost
 62087 | Vaults:1 | Entered Level 1 of the Vaults
 62617 | Vaults:1 | Found a crumbling gateway.
 62630 | Desolati | Entered the Desolation of Salt
 62702 | Desolati | Reached XP level 21. HP: 178/178 MP: 27/47
 62713 | Desolati | Reached skill level 5 in Earth Magic
 63002 | Desolati | Identified the +7 arbalest of Annihilation {flame, rPois
                  | Will+ rCorr Dex+3}
 63027 | Desolati | Identified the +3 scale mail of Supple Strength {rPois rF+
                  | rC++}
 63380 | Desolati | Identified the ring of Buth {EV+5 Dex+6}
 63549 | Desolati | Identified the +6 orcbow of the Supporting Bear {speed,
                  | Int+2 SInv}
 63598 | Desolati | Identified the ring "Zoffudde" {Fly rC+ Str+2}
 63598 | Desolati | Identified the amulet "Kuteplom" {Acrobat Fly rElec Will+
                  | Str+3}
 63843 | Desolati | Identified the +3 chain mail "Beghi" {rC+ Int+4}
 63846 | Desolati | Identified the +4 ring mail of a wizard's laboratory
                  | {Int+3}
 65659 | Vaults:2 | Found a magical portal.
 65666 | WizLab   | Entered The Hall of the Hellbinder
 65773 | WizLab   | Noticed a dread lich
 65778 | WizLab   | Killed a dread lich
 66070 | WizLab   | Gained mutation: Your body sometimes deteriorates upon
                  | taking damage. [a cacodemon]
 66457 | WizLab   | Found a burning altar of Makhleb.
 66467 | WizLab   | Identified the amulet of Qyck {Acrobat Int+2 Dex+3}
 66469 | WizLab   | Identified the ring of the Tormentor {Will+ rCorr AC+4
                  | Str+2}
 66474 | WizLab   | Got Hoysoinar's Encyclopedia of Allies
 66483 | WizLab   | Noticed Veiph
 66487 | WizLab   | Killed Veiph the Hellbinder
 66528 | WizLab   | Identified the ring "Gyocirgh" {Fly rF- MP+9 Int+7 Slay+3}
 66534 | WizLab   | Identified the +1 scimitar of Temperance {holy, *Slow rF+
                  | rC+}
 66990 | Vaults:2 | Reached skill level 10 in Evocations
 67043 | Vaults:2 | Reached XP level 22. HP: 188/188 MP: 48/48
 67205 | Vaults:2 | Found the +8 longbow "Zephyr" {speed, Dex+3 SInv}
 67280 | Vaults:2 | Found a staircase to the Crypt.
 67280 | Vaults:2 | Found an ancient bone altar of Kikubaaqudgha.
 67281 | Vaults:2 | Found a basalt altar of Yredelemnul.
 67900 | Vaults:2 | Identified the amulet of the Bright Orange {Faith rPois
                  | Int+3 Dex-3}
 68828 | Vaults:2 | Learned a level 3 spell: Ozocubu's Armour
 68925 | Vaults:3 | Found the +7 sceptre of Torment {pain, torment}
 69538 | Vaults:3 | Identified the +6 arbalest of Recklessness {penet, rElec
                  | Will+ Dex+3}
 70314 | Vaults:3 | Paralysed by a formless jellyfish for 1 turns
 70747 | Vaults:4 | Reached skill level 10 in Earth Magic
 71376 | Vaults:4 | Reached XP level 23. HP: 199/199 MP: 50/50
 71819 | Vaults:4 | Found a transporter.
 71819 | Vaults:4 | Found a transporter.
 71822 | Vaults:4 | Found a bloodstained altar of Trog.
 71823 | Vaults:4 | Noticed Loakagen's ghost (veteran MiFi)
 72635 | Vaults:5 | Entered Level 5 of the Vaults
 72684 | Vaults:5 | Identified the +0 leather armour "Vatual" {rF+ Will+}
 72927 | Vaults:5 | Identified the +5 chain mail of Hedge Wizardry {rF+ Str+4}
 73156 | Vaults:5 | Identified the ring of Pyigerr {rElec rF+ Str+7 Int-4
                  | Dex+6}
 73769 | Vaults:5 | Identified the +10 spear of Armageddon {venom, Fly Int+2}
 74008 | Vaults:5 | Found the ring of Shadows {Umbra +Inv Stlth+}
 74197 | Vaults:5 | Reached XP level 24. HP: 210/210 MP: 51/51
 74722 | Vaults:5 | Got a silver rune of Zot
 74727 | Vaults:5 | Identified the +4 dagger of the Lumpy Spreadsheets {drain,
                  | rElec Str+4 Int-4 Stlth+}
 74957 | Vaults:5 | Identified the +2 leather armour "Acric" {rElec Dex+7}
 74962 | Vaults:5 | Identified the +1 plate armour "Oraifecw" {rPois Int+2
                  | Dex+2 Slay+2}
 74997 | Vaults:5 | Acquired 537 gold pieces
 74998 | Vaults:5 | Acquired 475 gold pieces
 75044 | Vaults:5 | Found the +8 orange crystal plate armour {Archmagi, Int+3
                  | Clar}
 75080 | Vaults:5 | Identified the ring "Benaf" {Will+ Str+3 Dex+3}
 75295 | Vaults:4 | Killed Loakagen's ghost
 75763 | Depths:1 | Entered Level 1 of the Depths
 76348 | Depths:1 | Found a one-way gate to the infinite horrors of the Abyss.
 76401 | Depths:1 | Found a gateway to Hell.
 76936 | Depths:1 | Found a basalt altar of Yredelemnul.
 77205 | Depths:2 | Reached skill level 15 in Evocations
 78413 | Depths:2 | Found a one-way gate leading to the halls of Pandemonium.
 79007 | Depths:3 | Reached XP level 25. HP: 130/219 MP: 43/51
 79964 | Depths:3 | Identified the +12 flail of Distant Worlds {venom, rElec
                  | Will- rCorr}
 80170 | Depths:3 | Identified the +1 ring mail "Maxtuw" {+Blink rC++ Str-3
                  | Int+3}
 80273 | Depths:3 | Found a hide-covered altar of Uskayaw.
 80848 | Depths:4 | Entered Level 4 of the Depths
 81838 | Depths:4 | Found Ampowk's Book Emporium.
 82062 | Depths:4 | Found a one-way gateway to a ziggurat.
 82297 | Depths:4 | Found a gate to the Realm of Zot.
 82437 | D:15     | Acquired 723 gold pieces
 82797 | Shoals:4 | Killed Mara
 82964 | Slime:1  | Entered Level 1 of the Pits of Slime
 83148 | Slime:3  | Reached skill level 15 in Earth Magic
 83351 | Slime:4  | Gained mutation: Your health recovers twice as slowly from
                  | being drained. [a shining eye]
 83507 | Slime:5  | Entered Level 5 of the Pits of Slime
 83527 | Slime:5  | Reached XP level 26. HP: 213/229 MP: 52/52
 83548 | Slime:5  | Noticed the Royal Jelly
 83564 | Slime:5  | Killed the Royal Jelly
 83940 | Slime:5  | Identified the +10 war axe of the Middle {drain, rElec
                  | Str+3}
 84004 | Slime:5  | Found the +6 arbalest "Damnation" {damnation}
 84025 | Slime:5  | Identified the +3 halberd "Qaogen" {venom, Str-5 Dex+8}
 84091 | Slime:5  | Identified the ring of Intercession {rPois rF- rC+ rCorr
                  | Str+6}
 84095 | Slime:5  | Got a slimy rune of Zot
 84100 | Slime:5  | Identified the +1 leather armour of the Saviour {rCorr
                  | Str+3}
 84883 | Slime:1  | Paralysed by a formless jellyfish for 1 turns
 86839 | Orc:2    | Bought a potion of haste for 140 gold pieces
 86839 | Orc:2    | Bought a potion of mutation for 112 gold pieces
 86839 | Orc:2    | Bought 2 potions of haste for 280 gold pieces
 86839 | Orc:2    | Bought a potion of enlightenment for 70 gold pieces
 86839 | Orc:2    | Bought a potion of ambrosia for 112 gold pieces
 86934 | D:12     | Bought a potion of ambrosia for 248 gold pieces
 87108 | D:5      | Learned a level 6 spell: Plasma Beam
 87108 | D:5      | Bought the Compilation of Phlogiston for 396 gold pieces
 87108 | D:5      | Bought a tin of tremorstones (2/2) for 440 gold pieces
 87108 | D:5      | Bought a lightning rod (4/4) for 440 gold pieces
 87164 | D:5      | Killed znke's ghost
 87511 | Hell     | Entered the Vestibule of Hell
 87511 | Hell     | Noticed Geryon
 87519 | Hell     | Killed Geryon
 87521 | Hell     | Reached skill level 1 in Fire Magic
 87876 | Hell     | Found a gateway to the Iron City of Dis.
 87907 | Hell     | Found a gateway to the ashen valley of Gehenna.
 88489 | Hell     | Found a gateway to the freezing wastes of Cocytus.
 88637 | Hell     | Found a gateway to the decaying netherworld of Tartarus.
 88833 | Zot:1    | Entered Level 1 of the Realm of Zot
 89205 | Zot:1    | Reached skill level 27 in Ice Magic
 89785 | Zot:1    | You are sucked into a shaft and drop 1 floor!
 89787 | Zot:2    | Reached XP level 27. HP: 237/237 MP: 53/53
 89938 | Zot:2    | Reached skill level 5 in Fire Magic
 89944 | Zot:2    | Noticed an ancient lich
 89954 | Zot:2    | Killed an ancient lich
 90514 | Zot:1    | Found a transporter.
 90550 | Zot:1    | Found the +0 mask of the Dragon {Will+ Slay+3 SInv}
 90790 | Zot:1    | Reached skill level 5 in Dodging
 91049 | Zot:1    | Identified the +6 chain mail "Ygetidd" {rN++ Int+2}
 92173 | Zot:2    | Identified the maw talisman of Hom Raw {rC+ rN+}
 93763 | Zot:4    | Reached skill level 10 in Conjurations
 94346 | Zot:4    | Reached skill level 1 in Translocations
 94674 | Zot:4    | Found a transporter.
 94726 | Zot:4    | Found a transporter.
 95345 | Zot:5    | Entered Level 5 of the Realm of Zot
 95667 | Zot:5    | Noticed a dread lich
 95671 | Zot:5    | Noticed a dread lich
 95673 | Zot:5    | Killed a dread lich
 95676 | Zot:5    | Killed a dread lich
 95926 | Zot:5    | Noticed an orb of fire
 96014 | Zot:5    | Noticed an ancient lich
 96022 | Zot:5    | Killed an ancient lich
 96149 | Zot:5    | Gained mutation: You occasionally shout uncontrollably at
                  | your foes. [an orb of fire]
 96150 | Zot:5    | Killed an orb of fire
 96228 | Zot:5    | Noticed an orb of fire
 96232 | Zot:5    | Noticed an ancient lich
 96235 | Zot:5    | Killed an orb of fire
 96239 | Zot:5    | Killed an ancient lich
 96449 | Zot:5    | Noticed an ancient lich
 96463 | Zot:5    | Killed an ancient lich
 96723 | Zot:5    | Noticed a dread lich
 96727 | Zot:5    | Killed a dread lich
 96964 | Zot:5    | Noticed an ancient lich
 96975 | Zot:5    | Killed an ancient lich
 97416 | Zot:5    | Noticed an orb of fire
 97555 | Zot:5    | Killed an orb of fire
 97558 | Zot:5    | Noticed an ancient lich
 97562 | Zot:5    | Killed an ancient lich
 97563 | Zot:5    | Reached skill level 15 in Air Magic
 97725 | Zot:5    | Noticed a dread lich
 97730 | Zot:5    | Killed a dread lich
 97872 | Zot:5    | Reached skill level 10 in Fire Magic
 97918 | Zot:5    | Reached skill level 27 in Spellcasting
 97941 | Zot:5    | Noticed an ancient lich
 97969 | Zot:5    | Killed an ancient lich
 98426 | Zot:4    | Identified the +0 chain mail of the Loofah {rF- rCorr
                  | Dex+3}
 98534 | Zot:1    | Found a transporter.
 99102 | Depths:1 | Voluntarily entered the Abyss.
 99149 | Abyss:3  | Noticed a dread lich
 99165 | Abyss:3  | Killed a dread lich
 99219 | Depths:1 | Escaped the Abyss
 99382 | Hell     | Lost mutation: Your health recovers twice as slowly from
                  | being drained. [potion of mutation]
 99382 | Hell     | Lost mutation: You occasionally shout uncontrollably at
                  | your foes. [potion of mutation]
 99382 | Hell     | Lost mutation: Your body sometimes deteriorates upon taking
                  | damage. [potion of mutation]
 99382 | Hell     | Gained mutation: You are clumsy. (Dex -2) [potion of
                  | mutation]
 99382 | Hell     | Gained mutation: You are resistant to electric shocks.
                  | (rElec) [potion of mutation]
 99396 | Depths:4 | Learned a level 9 spell: Chain Lightning
 99405 | Depths:4 | Learned a level 8 spell: Ignition
 99440 | Zig:1    | Entered Level 1 of a ziggurat
 99462 | Zig:2    | Entered Level 2 of a ziggurat
 99462 | Zig:2    | Noticed a dread lich
 99470 | Zig:2    | Killed a dread lich
 99525 | Zig:3    | Entered Level 3 of a ziggurat
 99621 | Zig:4    | Entered Level 4 of a ziggurat
 99714 | Zig:4    | Identified the +3 mace "Jorchemm" {freeze, *Slow rElec
                  | Str+2 Int+2}
 99718 | Zig:5    | Entered Level 5 of a ziggurat
 99786 | Zig:6    | Entered Level 6 of a ziggurat
 99857 | Zig:7    | Entered Level 7 of a ziggurat
 99862 | Zig:7    | Noticed an ancient lich
 99863 | Zig:7    | Noticed an ancient lich
 99874 | Zig:7    | Killed an ancient lich
 99875 | Zig:7    | Killed an ancient lich
 99876 | Zig:7    | Reached skill level 10 in Dodging
100152 | Zig:7    | Identified the +1 ring mail "Vioxkath" {Rampage Fly Regen+
                  | Slay+3}
100153 | Zig:7    | Identified the amulet "Emexa" {rC+ rN+ Regen+ Stlth+}
100170 | Zig:8    | Entered Level 8 of a ziggurat
100328 | Zig:9    | Entered Level 9 of a ziggurat
100624 | Zig:9    | Identified the +7 rapier "Rake" {speed, MP+9}
100650 | Zig:10   | Entered Level 10 of a ziggurat
100688 | Zig:10   | Paralysed by a wendigo for 1 turns
100862 | Zig:10   | Identified the amulet of Harmony {RegenMP+ Str+3}
100872 | Zig:10   | Upgraded the game from 0.32-a0-932-g5467873 to
                  | 0.32-a0-938-g40ac7a0
100875 | Zig:11   | Entered Level 11 of a ziggurat
100887 | Zig:11   | Noticed Soedol the pandemonium lord
100895 | Zig:11   | Killed Soedol the pandemonium lord
100977 | Zig:11   | Identified the +2 hand axe of Sin {freeze, rElec rF+++
                  | Int-2 Dex-2}
100988 | Zig:11   | Identified the staff of Destiny {rPois rN+ Str-4 Int+7 Tloc
                  | Alchemy}
101010 | Zig:12   | Entered Level 12 of a ziggurat
101137 | Zig:12   | Identified the +2 ring mail of the Morning Star {+Blink
                  | Str+2 Int+5}
101166 | Zig:13   | Entered Level 13 of a ziggurat
101205 | Zig:13   | Found the +0 pair of gloves of the gadgeteer {Gadgeteer
                  | Wandboost ^Fragile}
101229 | Depths:4 | Reached skill level 15 in Conjurations
101613 | Geh:1    | Entered Level 1 of Gehenna
102185 | Geh:2    | Noticed an ancient lich
102185 | Geh:2    | Noticed a dread lich
102196 | Geh:2    | Killed an ancient lich
102200 | Geh:2    | Killed a dread lich
103642 | Geh:4    | Noticed an ancient lich
103675 | Geh:4    | Killed an ancient lich
104717 | Geh:6    | Reached skill level 27 in Fighting
105097 | Geh:7    | Entered Level 7 of Gehenna
107160 | Geh:7    | Identified the +6 great sword "Undertaker" {distort, rN+++
                  | Stlth-}
107300 | Geh:7    | Found the +13 sceptre of Asmodeus
107300 | Geh:7    | Noticed Asmodeus
107311 | Geh:7    | Killed Asmodeus
107770 | Geh:7    | Identified the ring "Qaofaese" {rPois rF+ Will+ Str+2}
107785 | Geh:7    | Identified the +5 battleaxe "Diomyec" {venom, rCorr MP-9
                  | SInv}
107786 | Geh:7    | Identified the +0 ring mail of Uskayaw's Envy {Will++}
107790 | Geh:7    | Identified the ring of Hurr {Fly rF+++ rCorr Int-3 Dex+3}
107796 | Geh:7    | Identified the +7 long sword of Edusoehu {venom, rF+ Int+3}
107800 | Geh:7    | Identified the amulet of Qazlal's Hope {Spirit ^Fragile
                  | rPois Dex+4 SInv}
107802 | Geh:7    | Identified the +0 chain mail of Peek-a-Boo {Harm +Inv rC+}
107817 | Geh:7    | Got an obsidian rune of Zot
108057 | Tar:1    | Entered Level 1 of Tartarus
109023 | Tar:4    | Reached skill level 15 in Dodging
109401 | Tar:4    | You are sucked into a shaft and drop 1 floor!
110141 | Tar:6    | HP: 2/249 [spectral caustic shrike[an eidolon] (17)]
110141 | Tar:6    | Mangled by a spectral caustic shrike

Illustrated notes

Levels and vault maps discovered:
D:1:      dpeg_arrival_rhombus, layout_basic
D:2:      layout_loops_cross, serial_forest, infiniplex_forest_clump_diagonal,
          infiniplex_forest_end_3, infiniplex_forest_join,
          infiniplex_forest_straight_2, infiniplex_forest_lined_3,
          infiniplex_forest_lined_4_way, infiniplex_forest_corner_1,
          infiniplex_forest_clump_diagonal, infiniplex_forest_pool,
          hellmonk_ecumenical_altar_leap_of_faith
D:3:      layout_rooms, minmay_quantized
D:4:      layout_basic, minmay_temple_entry_crystal_x, serial_corexii_hall,
          corexii_hall_statues_x, corexii_hall_statues_u,
          corexii_hall_statues_i, uniq_edmund
D:5:      layout_basic, nicolae_elyvilon_peaceful_grove,
          gup_ossuary_entry_pyramid, ebering_ghost_sewer_d,
          nicolae_elemental_shop, st_stairs_11, uniq_ijyb, uniq_blork_the_orc
D:6:      layout_rooms, nrook_uturn, minmay_misc_feat_nine_boxes
D:7:      layout_rooms, nicolae_overflow_quartered_altars,
          minmay_misc_feat_diagonals, uniq_menkaure
D:8:      layout_loops_ring, hellmonk_overflow_destroyed_library,
          erik_lair_dragon
D:9:      layout_loops_corners, uniq_prince_ribbit1
D:10:     layout_layer_cave, nzn_ghost_randoct, enter_bailey_2, minivault_16,
          nicolae_shop_sticking_my_neck_out
D:11:     layout_rooms, hex_medium, uniq_urug, uniq_josephine
D:12:     layout_long_grid, orc_0_dummy, serial_shops, shop, uniq_snorg
D:13:     layout_irregular_city, erik_vaults_1, gammafunk_ghost_arena,
          uniq_rupert, uniq_jorgrun, uniq_sonja
D:14:     layout_roguey, kennysheep_pointless_box, serial_shops,
          nicolae_shop_hallway_stairs, nicolae_benzene_ring
D:15:     hellmonk_depths_entry_around_the_bend, layout_loops_ring,
          bloody_makhleb, kiku_gazebo_pond_becter, uniq_agnes
Temple:   hellmonk_temple_divided_pantheon
Lair:1:   beast_lair_carwin_large_1, layout_small_grid
Lair:2:   layout_regular_city, minmay_shoals_entry_centaurs,
          portal_ice_cave_entry_pillars_2, uniq_maggie
Lair:3:   layout_cave_pods, nicolae_snake_entry_warm_welcome, uniq_gastronok
Lair:4:   layout_regular_city, hellmonk_guarded_unrand_seven_league_boots
Lair:5:   minmay_lair_end_enchanted_forest, layout_hall_layers, slime_entry_1,
          chequers_serial_rivers_micro_e
Shoals:1: layout_shoals, uniq_kirke
Shoals:2: layout_shoals, serial_shops, shop
Shoals:3: layout_shoals, uniq_bai_suzhen
Shoals:4: shoals_end_grunt_garden, layout_shoals, uniq_mara
Snake:1:  onia_ninara_swampy_vault, layout_gridlike, grunt_ministairs_9,
          regret_index_snakedec_diamondback, uniq_aizul, uniq_frances
Snake:2:  layout_grid_maze, minmay_shop_star, uniq_nikola, uniq_roxanne
Snake:3:  layout_misc_corridors
Snake:4:  grunt_snake_rune_pools, layout_cave_town, nicolae_snake_snake_lake,
          serial_bayou_pond_c, serial_bayou_shore_b
Slime:1:  nicolae_slime_jelly_donut, layout_caves
Slime:2:  layout_caves
Slime:3:  layout_caves, nicolae_slime_phagocytosis
Slime:4:  layout_caves
Slime:5:  slime_pit_nicolae_inversion
Orc:1:    layout_diamond_mine, led_sif_book
Orc:2:    st_orc_elflike, layout_diamond_mine, uniq_saint_roka, uniq_azrael
Elf:1:    eino_elf_arrival_shootout, layout_gridlike, basic_altar,
          evilmike_minifort
Elf:2:    nicolae_elf_blades_crystal_corner, layout_geoelf_diagonals,
          serial_shops, shop, uniq_zenata
Elf:3:    minmay_elf_hall_golems, layout_loops_cross, serial_shops, shop
Vaults:1: portal_desolation_entry_nicolae_nacl, nicolae_vaults_network_square,
          v_misc_10, nicolae_vaults_little_squares_6, v_misc_9,
          hangedman_vaults_capsules, nicolae_vaults_double_plus_2,
          vaults_room_corners, grunt_vaults_hallway_short,
          ontoclasm_vaults_chip, layout_vaults_chaotic_city
Vaults:2: mu_enter_wizlab_6, nicolae_vaults_diamond_2, v_misc_26,
          st_greater_box_1, minmay_crypt_entry_necro_gods, v_misc_14,
          v_pattern_4, vaults_mumra_chevron, vaults_mumra_lcd,
          nicolae_vaults_two_Ls, nicolae_vaults_variable_pillar_hall,
          nicolae_vaults_closet_pinwheel_5, hangedman_vaults_snaps,
          nicolae_vaults_yaktaur_gun_rack, nicolae_vaults_diamond_2,
          serial_ice_b, layout_vaults_maze
Vaults:3: nicolae_vaults_puzzle_piece, nicolae_vaults_double_plus_1,
          nicolae_vaults_three_branches, v_misc_30, grunt_vaults_swirl,
          nicolae_vaults_hallways_thing, vaults_room_pools,
          hangedman_vaults_pinch, nicolae_vaults_diamond_1,
          nicolae_vaults_surprise_closet, layout_vaults_quadrants
Vaults:4: gammafunk_ghost_wrathful_warriors, nicolae_vaults_hexular_roomagon,
          v_misc_9, vaults_dpeg_doors, v_misc_30, hangedman_vaults_unwind,
          vaults_room_grunt_arrival_ludios, nicolae_vaults_network_barrier,
          nicolae_vaults_trapezoid_lopsided_2, nicolae_vaults_double_plus_1,
          vaults_room_large_hall, vaults_room_pool, v_misc_12,
          layout_vaults_big_cross
Vaults:5
Depths:1: layout_cave_pools, hell_entry, nrook_campfire,
          hangedman_abyss_entry_splay, minivault_16, minmay_tree_intersection,
          minmay_misc_feat_pillars, nicolae_kite_square_tiling_tiny,
          grunt_guarded_unrand_doom_knight
Depths:2: minmay_inside_and_out, layout_cave_pools, solitary_fountain,
          grunt_hell_entry_dis_old, rand_demon_pan_entry_4, st_stairs_6
Depths:3: minmay_dotted_concentric_squares, layout_long_grid,
          regret_index_abyss_entry_earlier_magic, nicolae_titane,
          pf_hell_entry_tar_spiral, st_stairs_4, eat_drink_and_be_merry_uskayaw
Depths:4: evilmike_zot_entry_round, layout_cave_pools, enter_ziggurat_a,
          hell_entry, corexii_corridor_pit, serial_shops,
          nicolae_shop_behind_doors
Hell
Geh:1:    layout_gehenna_lava_caves
Geh:2:    layout_gehenna_lava_caves
Geh:3:    layout_gehenna_lava_caves, lemuel_flamethrower_3
Geh:4:    layout_gehenna_pools_triple
Geh:5:    layout_gehenna_pools_triple
Geh:6:    layout_gehenna_pools_basic
Geh:7:    geh_mu
Tar:1:    layout_catacombs, nicolae_tar_cuneiform_to_be
Tar:2:    layout_grid_maze
Tar:3:    layout_grid_maze
Tar:4:    layout_grid_maze
Tar:5:    layout_grid_maze, nicolae_tar_cuneiform_city,
          nicolae_tar_cuneiform_oil
Tar:6:    layout_grid_maze, nicolae_tar_four_comb_rooms
Zot:1:    regret_index_zot_pan_timeshare, layout_concentric_octagons,
          chequers_guarded_unrand_mask_of_the_dragon
Zot:2:    ebering_greatest_show_in_zot, layout_onion_interference,
          regret_index_zotdec_bone_old
Zot:3:    layout_onion_interference
Zot:4:    gammafunk_sealed_arena, layout_twisted_circle, bh_zot_levy_curve,
          zot_minivault_4
Zot:5:    layout_misc_corridors

Skill      XL: |  1  2  3  4  5  6  7  8  9 10 11 12 13 14 15 16 17 18 19 20 21 22 23 24 25 26 27 |
---------------+----------------------------------------------------------------------------------+-----
Conjurations   | 5 6 7 19 | 19.4
Spellcasting   | 3 4 6 7 9 10 11 12 14 16 17 18 20 21 22 23 24 25 26 27 | 27.0
Air Magic      | 2 3 5 6 9 10 11 12 14 21 | 21.2
Fighting       | 1 2 3 5 6 8 9 11 12 13 14 15 16 17 18 19 20 22 23 27 | 27.0
Ice Magic      | 8 12 14 15 17 19 21 22 23 24 25 26 27 | 27.0
Earth Magic    | 3 4 7 10 12 13 15 16 19 | 19.0
Evocations     | 2 7 10 12 13 15 17 18 21 | 21.8
Fire Magic     | 4 10 | 10.6
Dodging        | 3 15 | 15.6
Translocations | 3 |  3.0
Stealth        | |  1.7

Action                     |  1- 3 |  4- 6 |  7- 9 | 10-12 | 13-15 | 16-18 | 19-21 | 22-24 | 25-27 || total
---------------------------+-------+-------+-------+-------+-------+-------+-------+-------+-------++-------
  Melee: War axe           |    13 |       |       |       |       |       |       |       |       ||    13
         Dagger            |     2 |     5 |    34 |    19 |       |       |       |       |       ||    60
         Long sword        |       |       |     3 |       |       |       |       |       |       ||     3
         Staff             |       |       |       |     4 |    12 |    32 |     2 |       |       ||    50
         Bo                |       |       |       |       |       |       |       |       |     3 ||     3
  Throw: Dart              |       |       |       |     3 |     6 |    11 |     3 |       |       ||    23
         Throwing net      |       |       |       |       |     8 |     8 |     1 |       |     1 ||    18
   Cast: Magic Dart        |    65 |    73 |   127 |     4 |       |       |       |       |       ||   269
         Searing Ray       |       |     9 |    38 |    24 |     2 |       |     3 |       |       ||    76
         Airstrike         |       |       |    79 |   314 |   119 |    79 |    94 |    51 |    48 ||   784
         Permafrost Erupti |       |       |       |    12 |   316 |   313 |   413 |   552 |  1073 ||  2679
         Ozocubu's Refrige |       |       |       |       |    40 |   124 |    38 |    62 |   188 ||   452
         Freezing Cloud    |       |       |       |       |     1 |     4 |     1 |       |       ||     6
         Lee's Rapid Decon |       |       |       |       |       |     8 |     6 |     6 |    47 ||    67
         Irradiate         |       |       |       |       |       |     1 |    13 |     3 |    27 ||    44
         Conjure Ball Ligh |       |       |       |       |       |       |     3 |     8 |    24 ||    35
         Maxwell's Capacit |       |       |       |       |       |       |     4 |     3 |    21 ||    28
         Polar Vortex      |       |       |       |       |       |       |     1 |     8 |    29 ||    38
         Blink             |       |       |       |       |       |       |       |     2 |     4 ||     6
         Ozocubu's Armour  |       |       |       |       |       |       |       |     4 |     6 ||    10
         Plasma Beam       |       |       |       |       |       |       |       |       |   269 ||   269
         Chain Lightning   |       |       |       |       |       |       |       |       |     2 ||     2
         Ignition          |       |       |       |       |       |       |       |       |     1 ||     1
Ability: Hop               |     1 |     2 |    13 |    30 |    21 |    20 |    20 |    13 |    46 ||   166
  Evoke: Wand              |       |       |     6 |    38 |    36 |       |     2 |       |    15 ||    97
         Phantom mirror    |       |       |       |       |     1 |     2 |     1 |       |     2 ||     6
         Box of beasts     |       |       |       |       |       |     1 |     1 |       |     5 ||     7
         Lightning rod     |       |       |       |       |       |       |       |       |     8 ||     8
         Horn of Geryon    |       |       |       |       |       |       |       |       |     4 ||     4
    Use: Scroll            |       |       |    11 |    18 |    12 |     7 |     8 |     8 |    31 ||    95
         Potion            |       |       |       |     5 |     4 |     2 |    12 |     7 |    43 ||    73
   Stab: Paralysed         |       |       |       |     4 |       |       |       |       |       ||     4
         Invisible         |       |       |       |       |       |     2 |       |       |       ||     2
 Armour: Robe              |    12 |       |       |       |       |       |       |       |   421 ||   433
         Leather armour    |     1 |    18 |    73 |    98 |       |    58 |    64 |   130 |    90 ||   532
         Steam dragon scal |       |       |       |   118 |   107 |       |       |       |       ||   225
         Troll leather arm |       |       |       |       |       |    41 |    87 |       |       ||   128
  Dodge: Dodged            |    19 |     4 |    38 |   125 |    50 |    60 |    50 |    48 |   207 ||   601
         Repelled          |       |       |       |       |     6 |    20 |    26 |    11 |       ||    63
  Block: Other             |       |       |       |    37 |    32 |       |       |       |       ||    69
         Reflection        |       |       |       |     2 |     3 |    13 |       |       |       ||    18
         Buckler           |       |       |       |       |     1 |    51 |    30 |       |       ||    82

Table legend: (Time is in decaauts)
 A = Elapsed time spent in this place.
 B = Non-inter-level travel time spent in this place.
 C = Inter-level travel time spent in this place.
 D = Time resting spent in this place.
 E = Time spent auto-exploring this place.
 F = Levels seen in this place.
 G = Mean time per level.
                   A        B        C        D        E       F      G
               +--------+--------+--------+--------+--------+-----+--------+
         Total | 120708 | 103540 |  17168 |  13009 |  76679 |  88 | 1371.7 |
       Dungeon |  25322 |  19956 |   5366 |   1461 |  16173 |  15 | 1688.1 |
        Temple |     36 |     21 |     15 |      0 |      0 |   1 |   36.0 |
          Lair |  12526 |  10185 |   2341 |   2089 |   6955 |   5 | 2505.2 |
        Shoals |   7334 |   6315 |   1019 |   1156 |   4485 |   4 | 1833.5 |
     Snake Pit |   9314 |   7772 |   1542 |   1146 |   5840 |   4 | 2328.5 |
    Slime Pits |   3964 |   3364 |    600 |    530 |   2066 |   5 |  792.8 |
  Orcish Mines |   3873 |   3335 |    538 |   1109 |   1887 |   2 | 1936.5 |
   Elven Halls |   6752 |   5774 |    978 |    224 |   4872 |   3 | 2250.7 |
        Vaults |  12123 |  10668 |   1455 |    399 |   9170 |   5 | 2424.6 |
        Depths |   7873 |   6357 |   1516 |    924 |   4629 |   4 | 1968.2 |
          Hell |   1805 |   1571 |    234 |    328 |   1018 |   1 | 1805.0 |
       Gehenna |   6872 |   6535 |    337 |    301 |   5542 |   7 |  981.7 |
      Tartarus |   2232 |   2165 |     67 |      0 |   1887 |   6 |  372.0 |
           Zot |  10977 |   9823 |   1154 |   1277 |   7166 |   5 | 2195.4 |
         Abyss |    582 |    582 |      0 |    122 |    203 |   3 |  194.0 |
      Ziggurat |   1833 |   1833 |      0 |    146 |   1261 |  13 |  141.0 |
       Ossuary |    632 |    632 |      0 |     18 |    461 |   1 |  632.0 |
        Bailey |    834 |    834 |      0 |      0 |    661 |   1 |  834.0 |
      Ice Cave |   3096 |   3096 |      0 |   1518 |    706 |   1 | 3096.0 |
        Wizlab |    958 |    958 |      0 |    202 |    588 |   1 |  958.0 |
    Desolation |   1763 |   1763 |      0 |     57 |   1103 |   1 | 1763.0 |
               +--------+--------+--------+--------+--------+-----+--------+

Top non-repeatable levels by time:
   Zot:5: 3243 daAuts
   Geh:7: 3143 daAuts
   Zot:1: 3111 daAuts
   IceCv: 3096 daAuts
  Lair:5: 2975 daAuts
  Lair:4: 2905 daAuts
     D:8: 2858 daAuts
Vaults:2: 2738 daAuts
 Snake:4: 2712 daAuts
 Snake:1: 2648 daAuts
Vaults:5: 2643 daAuts
Vaults:4: 2441 daAuts
  Lair:3: 2419 daAuts
Depths:3: 2379 daAuts
Depths:2: 2343 daAuts
